 Dungeon Crawl Stone Soup version 0.20.1-1-g8b1a95d (webtiles) character file.

207945 poxvuibr the Eclecticist (level 18, -14/112 HPs)
             Began as a Deep Elf Fire Elementalist on Sept 3, 2017.
             Was the Champion of Vehumet.
             Demolished by a nagaraja (23 damage)
             ... on level 4 of the Snake Pit.
             The game lasted 05:29:55 (60890 turns).

poxvuibr the Eclecticist (DEFE)                    Turns: 60890, Time: 05:29:56

Health: -14/112    AC:  3    Str:  7    XL:     18   Next: 49%
Magic:  37/42      EV: 10    Int: 36    God:    Vehumet [******]
Gold:   1904       SH:  9    Dex: 15    Spells: 8/53 levels left

rFire    + + +     SeeInvis .   Z - staff of fire
rCold    . . .     Gourm    +   J - +4 buckler of Wonder {-Tele rElec Str+2 Int+7}
rNeg     + . .     Faith    .   C - +2 robe {MR+}
rPois    +         Spirit   .   y - -2 hat of the Alchemist {rElec rPois rF+ rC+ rN+ MR+ rMut rCorr}
rElec    +         Reflect  .   M - scarf {cloud immunity}
rCorr    +         Harm     .   (no gloves)
rMut     +         NoTele   +   c - +0 pair of boots
MR       ++++.                  T - amulet of the gourmand
Stlth    ++........             q - ring of fire
Regen    0.3/turn               S - ring of protection from magic
MPRegen  0.3/turn

@: constricted
A: no striking features
a: Renounce Religion


You were on level 4 of the Snake Pit.
You worshipped Vehumet.
Vehumet was exalted by your worship.
You were full.

You visited 7 branches of the dungeon, and saw 32 of its levels.
You visited 1 bazaar.
You also visited: Ossuary.

You collected 2777 gold pieces.
You spent 873 gold pieces at shops.

Inventory:

Armour
 c - a +0 pair of boots (worn)
 d - a +0 cloak
 y - the -2 hat of the Alchemist (worn) {rElec rPois rF+ rC+ rN+ MR+ rMut rCorr}
   (You bought it in a shop in a bazaar)

   It protects you from fire.
   It protects you from cold.
   It insulates you from electricity.
   It protects you from poison.
   It protects you from negative energy.
   It affects your resistance to hostile enchantments.
   It protects you from acid and corrosion.
   It protects you from mutation.
 C - a +2 robe of magic resistance (worn)
 J - the +4 buckler of Wonder (worn) {-Tele rElec Str+2 Int+7}
   (You bought it in a shop on level 2 of the Orcish Mines)

   It affects your strength (+2).
   It affects your intelligence (+7).
   It insulates you from electricity.
   It prevents most forms of teleportation.
 L - a +2 robe of resistance
 M - a scarf of cloud immunity (worn)
 X - a +2 buckler of cold resistance
Magical Staves
 j - an uncursed staff of power
 l - an uncursed staff of earth
 Z - an uncursed staff of fire (weapon)
Jewellery
 h - an uncursed ring of magical power
 q - a ring of fire (left hand)
 v - an uncursed ring of protection from cold
 x - an uncursed amulet of regeneration
 H - an uncursed amulet of rage {unknown}
 R - an uncursed ring of see invisible
 S - a ring of protection from magic (right hand)
 T - an amulet of the gourmand (around neck)
 W - an uncursed ring of ice
Scrolls
 r - 3 scrolls of fog
 u - 8 scrolls of teleportation
 z - 4 scrolls of fear
 F - a scroll of magic mapping
 Q - 8 scrolls of remove curse
Potions
 a - 2 potions of resistance
 m - 12 potions of curing
 n - 4 potions of brilliance
 o - 6 potions of haste
 p - a potion of magic
 t - 7 potions of flight
 A - 5 potions of heal wounds
 B - 4 potions of lignification
 E - a potion of ambrosia
 I - a potion of invisibility {unknown}
Comestibles
 U - 27 fruits


   Skills:
 + Level 11.9 Fighting
 - Level 2.4 Dodging
 - Level 2.4 Stealth
 - Level 4.5 Shields
 + Level 18.4 Spellcasting
 + Level 16.1 Conjurations
 + Level 16.7 Fire Magic
 + Level 17.0 Earth Magic


You had 8 spell levels left.
You knew the following spells:

 Your Spells              Type           Power        Failure   Level  Hunger
a - Throw Flame           Conj/Fire      ######       0%          2    None
b - Conjure Flame         Conj/Fire      ########     0%          3    None
c - Sticky Flame          Conj/Fire      ########     0%          4    None
d - Fireball              Conj/Fire      ########..   1%          5    None
e - Lee's Rapid Deconstr  Erth           ########..   1%          5    None
f - Bolt of Magma         Conj/Fire/Erth ########..   1%          5    None
g - Iron Shot             Conj/Erth      ########..   1%          6    None
h - Bolt of Fire          Conj/Fire      ########..   1%          6    None
i - Ignition              Fire           ########..   1%          8    ####...
z - Flame Tongue          Conj/Fire      #####        0%          1    None


Dungeon Overview and Level Annotations

Branches:
Dungeon (14/15)            Temple (1/1) D:7            Lair (6/6) D:11
  Swamp (3/4) Lair:4        Snake (4/4) Lair:2        Slime (0/5) Lair:6
    Orc (2/2) D:11            Elf (2/3) Orc:2        Vaults (0/5) D:14

Altars:
Ashenzari
Cheibriados
Dithmenos
Elyvilon
Fedhas
Gozag
Hepliaklqana
Kikubaaqudgha
Makhleb
Nemelex Xobeh
Okawaru
Qazlal
Ru
Sif Muna
Uskayaw
Vehumet
Xom
The Shining One
Jiyva

Shops:
Orc:1 }   Orc:2 (=[*   Elf:2 !   Snake:2 ![((!   Snake:3 =

Portals:
Trove: D:14 (give +6 demon whip)

Annotations:
Elf:2 3 runed doors


Message History

* * * LOW HITPOINT WARNING * * *
The nagaraja constricts you.
You feel much better.
The naga sharpshooter gestures wildly while chanting.
The naga sharpshooter magically shoots an arrow.
The arrow hits you!!
* * * LOW HITPOINT WARNING * * *
The nagaraja spits poison at you. The splash of poison hits you! You resist.
* * * LOW HITPOINT WARNING * * *
x2 The nagaraja constricts you!
You feel much better.
The naga sharpshooter casts a spell.
The naga sharpshooter magically shoots an arrow.
The arrow hits you!!
* * * LOW HITPOINT WARNING * * *
The naga hits you from afar with a halberd!
* * * LOW HITPOINT WARNING * * *
The nagaraja hits you!!
You die...

# #. #..
#...##########
#.....@.......
#.....N....?..
..N..รท..N.......
................
####..[##[?.####
)..[[ .....
.$[.)[ )....#


()))[) [....# You could see a nagaraja, a naga sharpshooter and a naga.

Vanquished Creatures
  Kirke (Swamp:1)
  Roxanne (Swamp:1)
  Donald (Orc:2)
  2 deep elf sorcerers
  5 nagarajas
  2 orc warlords
  The ghost of bgiannan the Warrior, a journeyman MiFi of Cheibriados (Lair:6)
  A deep elf death mage (Elf:2)
  Josephine (Swamp:1)
  Harold (Lair:1)
  12 naga warriors
  12 hydras
  3 catoblepae
  4 vault guards (D:14)
  7 anacondas
  A centaur warrior (D:13)
  A deep troll shaman (Lair:6)
  5 two-headed ogres
  A tengu warrior (D:13)
  10 death yaks (Lair:6)
  Erica (D:11)
  10 alligators
  9 dancing weapons
  8 shock serpents
  Sonja (Orc:2)
  4 orc high priests (Orc:2)
  9 naga sharpshooters
  10 deep elf knights
  A hell knight (D:11)
  4 skeletal warriors
  3 unseen horrors
  3 salamander mystics (Snake:3)
  2 shambling mangroves (Swamp:3)
  5 naga ritualists
  A swamp dragon (Swamp:3)
  Pikel (D:8)
  18 deep elf archers
  2 lindwurms (Lair:6)
  6 orc knights
  A wolf spider zombie (D:13)
  2 wizards
  44 deep elf magi
  8 orc sorcerers
  5 mana vipers
  4 ugly things
  12 elephants
  4 cyclopes
  5 manticores
  11 salamanders
  25 naga magi
  25 black mambas
  3 guardian serpents (Snake:1)
  An ice statue (Snake:1)
  Psyche (D:12)
  A torpor snail (Lair:6)
  27 spiny frogs
  2 centaur skeletons
  2 kobold demonologists
  14 komodo dragons
  A rime drake (Lair:5)
  A tengu conjurer (D:13)
  10 hornets
  8 trolls
  5 polar bears
  6 tyrant leeches
  11 bog bodies
  12 blink frogs
  9 hippogriffs
  9 slime creatures
  A redback (shapeshifter) (D:13)
  3 shadows
  A vampire (D:12)
  4 air elementals
  A wyvern (D:11)
  3 water elementals (Elf:1)
  5 wraiths
  5 spriggans
  9 basilisks
  A steam dragon (D:13)
  43 yaks
  2 hogs (Swamp:1)
  4 hungry ghosts
  10 vampire mosquitoes
  3 wargs
  A soldier ant (D:12)
  20 insubstantial wisps
  36 nagas
  An acid dragon (D:13)
  Duvessa (D:5)
  4 hell hounds (D:11)
  20 swamp worms
  22 water moccasins
  8 porcupines
  4 swamp drakes
  4 slaves (D:8)
  A hornet zombie (D:13)
  48 orc warriors
  2 ice beasts
  A phantom (D:5)
  A necrophage (D:13)
  16 ogres
  2 eyes of draining
  5 centaurs
  A boggart (Elf:1)
  5 black bears
  4 wolves (Lair:6)
  10 crocodiles
  24 bullfrogs
  2 gnoll sergeants
  2 earth elementals
  Dowan (D:5)
  2 water moccasin skeletons
  5 scorpions
  11 killer bees
  11 wights
  7 electric eels
  10 howler monkeys
  7 crimson imps
  7 centaur zombies
  A wyvern simulacrum (D:12)
  5 bullfrog zombies
  4 jellies
  33 orc priests
  12 hounds
  5 iguanas
  11 worker ants
  37 orc wizards
  3 big kobold zombies (Ossuary)
  A hound zombie (D:6)
  2 hound skeletons
  A howler monkey zombie (D:9)
  5 mummies
  2 worker ant zombies
  6 gnolls
  A howler monkey skeleton (D:5)
  11 adders
  5 shadow imps
  An ooze (D:7)
  An adder zombie (D:5)
  3 adder skeletons
  4 worms
  3 dart slugs
  9 leopard geckos
  107 orcs
  15 bats
  5 giant cockroaches
  10 hobgoblins
  7 jackals (D:1)
  3 quokkas
  4 frilled lizards
  6 goblins
  3 hobgoblin zombies (Ossuary)
  A jackal skeleton (D:7)
  A jackal zombie (D:6)
  14 kobolds
  A quokka skeleton (D:8)
  5 rats
  A bush (Lair:6)
  6 fungi
  9 plants
1204 creatures vanquished.

Vanquished Creatures (others)
  A bullfrog (D:12)
  A killer bee (D:12)
  An orc wizard (D:12)
  4 orcs (D:12)
  A bush (Lair:6)
  18 fungi
  13 plants
39 creatures vanquished.

Grand Total: 1243 creatures vanquished

Notes
Turn   | Place    | Note
-------+----------+-------------------------------------------
     0 | D:1      | poxvuibr the Deep Elf Fire Elementalist began the quest for the Orb.
     0 | D:1      | Reached XP level 1. HP: 10/10 MP: 6/6
   279 | D:1      | Reached XP level 2. HP: 15/15 MP: 4/8
   568 | D:1      | Learned a level 2 spell: Throw Flame
  1178 | D:1      | Reached XP level 3. HP: 19/19 MP: 5/10
  1943 | D:2      | Reached skill level 4 in Spellcasting
  1981 | D:2      | Found a burning altar of Makhleb.
  2605 | D:2      | Reached XP level 4. HP: 24/24 MP: 0/12
  2783 | D:2      | Learned a level 3 spell: Conjure Flame
  2788 | D:2      | Learned a level 4 spell: Sticky Flame
  3476 | D:2      | Found a burning altar of Makhleb.
  5501 | D:4      | Found an opulent altar of Gozag.
  5527 | D:4      | Reached XP level 5. HP: 28/28 MP: 3/14
  5733 | D:4      | Reached skill level 5 in Spellcasting
  5733 | D:4      | Reached skill level 5 in Fire Magic
  6024 | D:4      | Reached XP level 6. HP: 31/32 MP: 0/16
  6558 | D:4      | Found a burning altar of Makhleb.
  6632 | D:4      | You fall through a shaft for 3 floors!
  6632 | D:7      | Found a staircase to the Ecumenical Temple.
  6641 | Temple   | Entered the Ecumenical Temple
  6645 | Temple   | Became a worshipper of Vehumet
  7023 | D:5      | Entered Level 5 of the Dungeon
  7395 | D:5      | Reached skill level 6 in Spellcasting
  7395 | D:5      | Reached XP level 7. HP: 36/36 MP: 8/18
  7627 | D:5      | Got a fine hat
  7633 | D:5      | Identified the +0 hat of Arimez {MR+ Str+4 Int-4} (You found it on level 5 of the Dungeon)
  7692 | D:5      | Noticed Dowan
  7771 | D:5      | Reached skill level 5 in Conjurations
  8507 | D:6      | Reached skill level 7 in Spellcasting
  8706 | D:6      | Reached XP level 8. HP: 41/41 MP: 13/21
 10151 | D:7      | Reached skill level 8 in Spellcasting
 10168 | D:7      | Noticed a hippogriff
 10447 | D:7      | Learned a level 5 spell: Fireball
 10921 | D:7      | Reached * piety under Vehumet
 10921 | D:7      | Offered knowledge of Freeze by Vehumet.
 10986 | D:7      | Killed a hippogriff
 10986 | D:7      | Reached skill level 9 in Spellcasting
 11276 | D:7      | Reached XP level 9. HP: 45/45 MP: 18/24
 11600 | D:7      | Found a staircase to the Ecumenical Temple.
 12258 | D:8      | Found a sand-covered staircase.
 12290 | Ossuary  | Entered an ossuary
 12526 | Ossuary  | Offered knowledge of Sandblast by Vehumet.
 12849 | Ossuary  | Reached ** piety under Vehumet
 13165 | D:8      | Noticed a two-headed ogre
 13168 | D:8      | Killed a two-headed ogre
 13168 | D:8      | Reached skill level 10 in Spellcasting
 13303 | D:8      | Noticed Pikel
 13307 | D:8      | Killed Pikel
 13348 | D:8      | Reached skill level 10 in Fire Magic
 13472 | D:8      | Reached XP level 10. HP: 43/50 MP: 16/26
 13779 | D:8      | Reached skill level 11 in Spellcasting
 14319 | D:8      | Found a hazy altar of Hepliaklqana.
 14982 | D:9      | Offered knowledge of Throw Frost by Vehumet.
 15408 | D:9      | Found an ancient bone altar of Kikubaaqudgha.
 15409 | D:9      | Found a deep blue altar of Sif Muna.
 15410 | D:9      | Found a hide-covered altar of Uskayaw.
 15492 | D:10     | Entered Level 10 of the Dungeon
 15541 | D:10     | Reached *** piety under Vehumet
 15643 | D:10     | You fall through a shaft for 2 floors!
 15683 | D:12     | Found an opulent altar of Gozag.
 15727 | D:12     | Noticed a two-headed ogre
 15738 | D:12     | Killed a two-headed ogre
 15738 | D:12     | Reached skill level 12 in Spellcasting
 15738 | D:12     | Reached skill level 10 in Conjurations
 15753 | D:12     | Found a flickering gateway to a bazaar.
 15762 | Bazaar   | Entered a bazaar
 15762 | Bazaar   | Found Geher's Weapon Boutique.
 15762 | Bazaar   | Found Ekar's Armour Shop.
 15762 | Bazaar   | Found Mueqarec's Weapon Shop.
 15776 | Bazaar   | Bought the -2 hat of the Alchemist {rElec rPois rF+ rC+ rN+ MR+ rMut rCorr} for 424 gold pieces
 15779 | Bazaar   | Got an ancient dagger
 15780 | Bazaar   | Identified the +1 dagger "Hawireill" {venom, rPois rN+ Str-4} (You found it in a bazaar)
 15845 | D:12     | Noticed a two-headed ogre
 15855 | D:12     | Killed a two-headed ogre
 15860 | D:12     | Noticed Psyche
 16391 | D:10     | Offered knowledge of Ignite Poison by Vehumet.
 16636 | D:10     | Killed an unseen horror
 16636 | D:10     | Reached XP level 11. HP: 30/54 MP: 8/29
 17065 | D:5      | Noticed Duvessa
 17066 | D:5      | Killed Dowan
 17068 | D:5      | Killed Duvessa
 18133 | D:12     | Killed Psyche
 18133 | D:12     | Reached skill level 1 in Fighting
 18133 | D:12     | Reached skill level 1 in Shields
 18290 | D:12     | Reached **** piety under Vehumet
 19088 | D:12     | Offered knowledge of Force Lance by Vehumet.
 19206 | D:12     | Reached skill level 13 in Spellcasting
 19889 | D:13     | Noticed a centaur warrior
 19892 | D:13     | Killed a centaur warrior
 20324 | D:13     | Noticed a cyan ugly thing
 20333 | D:13     | Killed a cyan ugly thing
 20512 | D:13     | Found a deep blue altar of Sif Muna.
 20800 | D:13     | Noticed a tengu warrior
 20853 | D:11     | Reached XP level 12. HP: 64/64 MP: 25/31
 20910 | D:11     | Reached ***** piety under Vehumet
 20954 | D:11     | Offered knowledge of Lee's Rapid Deconstruction by Vehumet.
 20961 | D:11     | Learned a level 5 spell: Lee's Rapid Deconstruction
 21076 | D:11     | Reached skill level 1 in Earth Magic
 21541 | D:11     | Found a staircase to the Orcish Mines.
 21544 | D:11     | Noticed Erica
 21545 | D:11     | Killed Erica
 21750 | Orc:1    | Entered Level 1 of the Orcish Mines
 21824 | Orc:1    | Noticed a two-headed ogre
 21825 | Orc:1    | Killed a two-headed ogre
 21981 | Orc:1    | Reached skill level 14 in Spellcasting
 21981 | Orc:1    | Reached skill level 5 in Earth Magic
 22900 | Orc:1    | Found Sowuocs's Gadget Emporium.
 22976 | Orc:1    | Reached skill level 5 in Fighting
 23780 | Orc:2    | Entered Level 2 of the Orcish Mines
 23785 | Orc:2    | Reached XP level 13. HP: 72/72 MP: 16/33
 23814 | Orc:1    | Noticed an orc warlord
 24093 | D:11     | Offered knowledge of Venom Bolt by Vehumet.
 26530 | D:14     | Reached skill level 10 in Earth Magic
 27646 | D:14     | Offered knowledge of Bolt of Magma by Vehumet.
 27653 | D:14     | Learned a level 5 spell: Bolt of Magma
 28767 | D:14     | Found a gate to the Vaults.
 29514 | D:14     | Reached XP level 14. HP: 82/82 MP: 5/34
 29823 | D:14     | Found a portal to a secret trove of treasure.
 30563 | D:11     | Found a staircase to the Lair.
 30596 | Lair:1   | Entered Level 1 of the Lair of Beasts
 30884 | Lair:1   | Noticed Harold
 30887 | Lair:1   | Killed Harold
 31668 | Lair:2   | Offered knowledge of Iron Shot by Vehumet.
 31987 | Lair:2   | Found a staircase to the Snake Pit.
 32252 | Lair:2   | Got a vibrating ivory amulet
 32259 | Lair:2   | Identified the amulet of Wotia {Spirit +Fly Str+4} (You found it on level 2 of the Lair of Beasts)
 33377 | Lair:3   | Learned a level 6 spell: Iron Shot
 34189 | Lair:4   | Found a staircase to the Swamp.
 34261 | Lair:4   | Found a sacrificial altar of Ru.
 36807 | Lair:6   | Entered Level 6 of the Lair of Beasts
 37662 | Lair:5   | Reached XP level 15. HP: 89/89 MP: 24/35
 37744 | Lair:6   | Noticed bgiannan's ghost (journeyman MiFi)
 37998 | Lair:6   | Found a viscous altar of Jiyva.
 37998 | Lair:6   | Found a staircase to the Slime Pits.
 38062 | Lair:6   | Offered knowledge of Orb of Destruction by Vehumet.
 38459 | Lair:6   | Reached skill level 15 in Spellcasting
 39462 | Snake:1  | Entered Level 1 of the Snake Pit
 42295 | Snake:2  | Found Fileusaamp's Distillery.
 42560 | Snake:2  | Found Akhluutu's Weapon Emporium.
 42560 | Snake:2  | Found Ofyfogaw's Distillery.
 42561 | Snake:2  | Found Wituv's Armour Shoppe.
 42563 | Snake:2  | Found Wagyfacu's Antique Weapon Emporium.
 42866 | Snake:3  | Offered knowledge of Bolt of Fire by Vehumet.
 42874 | Snake:3  | Learned a level 6 spell: Bolt of Fire
 43133 | Snake:3  | Found Ucono's Jewellery Boutique.
 43587 | Snake:3  | Reached skill level 16 in Spellcasting
 43587 | Snake:3  | Reached skill level 15 in Earth Magic
 43775 | Snake:3  | Reached XP level 16. HP: 92/96 MP: 24/38
 45208 | Lair:2   | Reached skill level 10 in Fighting
 45265 | Swamp:1  | Entered Level 1 of the Swamp
 45508 | Swamp:1  | Noticed Josephine
 45510 | Swamp:1  | Killed Josephine
 46234 | Swamp:1  | Noticed Roxanne
 46239 | Swamp:1  | Killed Roxanne
 47396 | Swamp:1  | Noticed Kirke
 47398 | Swamp:1  | Killed Kirke
 47398 | Swamp:1  | Reached skill level 15 in Fire Magic
 47446 | Swamp:1  | Identified Roxanne's Guide on Stones (You took it off Roxanne on level 1 of the Swamp)
 48842 | Swamp:3  | Offered knowledge of Conjure Ball Lightning by Vehumet.
 50483 | Orc:2    | Found a staircase to the Elven Halls.
 50502 | Orc:2    | Noticed Sonja
 50504 | Orc:2    | Killed Sonja
 50523 | Orc:2    | Noticed Donald
 50743 | Swamp:3  | Reached skill level 17 in Spellcasting
 50909 | Swamp:3  | Got a heavily runed chain mail
 51824 | Swamp:3  | Reached XP level 17. HP: 103/103 MP: 35/40
 53021 | Orc:2    | Killed Donald
 53243 | Orc:2    | Reached ****** piety under Vehumet
 53425 | Orc:2    | Offered knowledge of Lehudib's Crystal Spear by Vehumet.
 53425 | Orc:2    | Offered knowledge of Shatter by Vehumet.
 53425 | Orc:2    | Offered knowledge of Ignition by Vehumet.
 53435 | Orc:2    | Learned a level 8 spell: Ignition
 53554 | Orc:2    | Found Moutsose's General Store.
 53554 | Orc:2    | Found Caesaud's Antique Armour Shoppe.
 53554 | Orc:2    | Found Voumoi's Jewellery Shoppe.
 53554 | Orc:2    | Found Huvywutt's Antique Weapon Emporium.
 53563 | Orc:2    | Bought a scroll of teleportation for 45 gold pieces
 53563 | Orc:2    | Bought a potion of curing for 45 gold pieces
 53563 | Orc:2    | Bought a scroll of blinking for 112 gold pieces
 53574 | Orc:2    | Bought a heavily runed buckler for 247 gold pieces
 53584 | Orc:2    | Identified the +4 buckler of Wonder {-Tele rElec Str+2 Int+7} (You bought it in a shop on level 2 of the Orcish Mines)
 53669 | Orc:2    | Identified the +1 chain mail of Entitlement {+Blink rC++ rCorr Dex-2} (You found it on level 3 of the Swamp)
 53870 | Elf:1    | Entered Level 1 of the Elven Halls
 53974 | Elf:1    | Reached skill level 15 in Conjurations
 56769 | Elf:2    | Found Intaum's Distillery.
 56950 | Elf:2    | Got a spiked buckler
 56981 | Elf:1    | Identified the +3 buckler of Paupaoga {rN+} (You found it on level 2 of the Elven Halls)
 58376 | Elf:2    | Found a runed gate.
 58376 | Elf:2    | Found a runed gate.
 58377 | Elf:2    | Found a runed gate.
 58386 | Elf:2    | Reached XP level 18. HP: 110/110 MP: 34/41
 58909 | Lair:6   | Killed bgiannan's ghost
 58909 | Lair:6   | Reached skill level 18 in Spellcasting
 60013 | Snake:4  | Entered Level 4 of the Snake Pit
 60890 | Snake:4  | Demolished by a nagaraja

Skill      XL: |  1  2  3  4  5  6  7  8  9 10 11 12 13 14 15 16 17 18 |
---------------+-------------------------------------------------------+-----
Fire Magic     | 4 5 6 7 8 10 11 12 13 14 15 16 | 16.7
Spellcasting   | 4 5 6 7 9 10 12 13 14 16 17 18 | 18.4
Conjurations   | 2 3 4 5 7 9 10 11 12 13 14 15 16 | 16.1
Fighting       | 2 5 7 8 9 10 11 | 11.9
Shields        | 4 |  4.5
Earth Magic    | 7 12 14 15 16 17 | 17.0
Dodging        | |  2.4
Stealth        | |  2.4

Action                   |  1- 3 |  4- 6 |  7- 9 | 10-12 | 13-15 | 16-18 || total
-------------------------+-------+-------+-------+-------+-------+-------++-------
Melee: Dagger            |     8 |     9 |    34 |    17 |       |       ||    68
       Staff             |       |       |       |       |     7 |    11 ||    18
 Cast: Flame Tongue      |    64 |    53 |    28 |     1 |       |     1 ||   147
       Throw Flame       |    40 |    67 |    77 |    59 |    21 |     1 ||   265
       Conjure Flame     |       |     4 |     6 |     6 |       |       ||    16
       Sticky Flame      |       |     5 |    41 |    25 |    10 |     1 ||    82
       Fireball          |       |       |    18 |   234 |   224 |    87 ||   563
       Lee's Rapid Decon |       |       |       |       |   207 |    11 ||   218
       Bolt of Magma     |       |       |       |       |    75 |    28 ||   103
       Iron Shot         |       |       |       |       |   102 |   141 ||   243
       Bolt of Fire      |       |       |       |       |     7 |   210 ||   217
       Ignition          |       |       |       |       |       |    29 ||    29
Evoke: Wand              |       |       |       |       |     1 |       ||     1
  Use: Scroll            |     4 |       |     6 |    13 |    13 |    13 ||    49
       Potion            |       |       |       |     2 |       |     5 ||     7
  Eat: Chunk             |     6 |    12 |    12 |    48 |    82 |    68 ||   228
       Royal jelly       |       |     1 |       |       |     2 |     3 ||     6
       Bread ration      |       |       |     3 |     2 |       |       ||     5
Armor: Robe              |    10 |     5 |    26 |     1 |     2 |     3 ||    47
Dodge: Dodged            |    27 |    19 |    71 |    22 |    42 |    39 ||   220
Block: Buckler           |       |       |       |     2 |    18 |    15 ||    35
